 Dungeon Crawl Stone Soup version 0.29.1-15-g9cfb28693d (webtiles) character file.

Game seed: 807462776576836005

72 Eitelfritz the Chiller (level 4, -1/31 HPs)
             Began as a Demonspawn Ice Elementalist on Mar 9, 2023.
             Slain by a gnoll bouda
             ... wielding a +0 club
              (11 damage)
             ... on level 3 of the Dungeon.
             The game lasted 00:06:56 (2365 turns).

Eitelfritz the Chiller (DsIE)                       Turns: 2365, Time: 00:06:56

Health: -1/31      AC:  3    Str: 10    XL:     4   Next: 7%
Magic:  1/7        EV: 12    Int: 16    God:
Gold:   141        SH:  0    Dex: 14    Spells: 4/8 levels left

rFire   . . .      SeeInvis .   a - +0 short sword
rCold   . . .      Faith    .   (no shield)
rNeg    . . .      Spirit   .   d - +0 robe
rPois   .          Reflect  .   c - +0 helmet
rElec   .          Harm     .   (no cloak)
rCorr   .          Rampage  .   (no gloves)
Will    .....                   (no boots)
Stlth   ++........              (no amulet)
HPRegen 0.10/turn               (no ring)
MPRegen 0.10/turn               (no ring)

@: weakened, freezing walls
A: hooves 1, demonic magic 1
a: no special abilities


You were on level 3 of the Dungeon.
You visited 1 branch of the dungeon, and saw 3 of its levels.

You collected 141 gold pieces.

Inventory:

Hand Weapons
 a - a +0 short sword (weapon)
 e - a +0 dagger
Armour
 c - a +0 helmet (worn)
 d - a +0 robe (worn)
 n - a +0 leather armour
 s - the +2 ring mail of Catatonia {Slay+3}
   (You found it on level 3 of the Dungeon)

   Slay:      It affects your accuracy & damage with ranged weapons and melee
   (+3).
Magical Staves
 i - a staff of conjuration
Scrolls
 g - a scroll of poison {unknown}
 h - 2 scrolls of amnesia {unknown}
 m - 2 scrolls of teleportation {unknown}
 o - a scroll of immolation {unknown}
 q - 4 scrolls of identify {unknown}
Potions
 b - a potion of magic
 f - 2 potions of invisibility {unknown}
 j - a potion of mutation {unknown}
 k - 2 potions of curing {unknown}
 l - a potion of flight {unknown}
 p - a potion of haste {unknown}
 r - a potion of lignification {unknown}


   Skills:
 + Level 0.4 Fighting
 + Level 2.0 Dodging
 + Level 2.3 Stealth
 + Level 2.6 Spellcasting
 + Level 4.3 Ice Magic


You had 4 spell levels left.
You knew the following spells:

 Your Spells              Type           Power      Damage    Failure   Level
a - Freeze                Ice            64%        1d8       3%          1
b - Frozen Ramparts       Ice            32%        1d5       10%         3

Your spell library contained the following spells:

 Spells                   Type           Power      Damage    Failure   Level
 Ozocubu's Armour         Ice            16%        N/A       10%         3
 Hailstorm                Conj/Ice       9%         3d4       61%         4


Dungeon Overview and Level Annotations

Branches:
Dungeon (3/15)

Altars:


Innate Abilities, Weirdness & Mutations

You have large cloven feet.
Spells you cast may paralyse adjacent enemies.


Message History

Something grabs the plant.
The plant is constricted.
The gnoll completely misses the plant.
The wall freezes the orc but does no damage.
The orc hits the plant with a +0 dagger.
The wall freezes the gnoll bouda.
The gnoll bouda gazes fiercely through you!
You feel your attacks grow feeble.
The wall freezes the gnoll. x2; The gnoll barely misses you.
The ball python loses its grip on the plant.
The wall freezes the gnoll.
You kill the gnoll!
You have reached level 4!
You feel agile.
Casting: Frozen Ramparts (quite dangerous; 10% risk of failure)
Confirm with . or Enter, or press ? or * to list all spells.
Aiming: Freeze (safe; 3% risk of failure)
Press: ? - help, Shift-Dir - straight line, f - gnoll bouda
Aim: a gnoll bouda, wielding a +0 club and wearing a +0 leather armour (lightly wounded)
You freeze the gnoll bouda.
The gnoll bouda is lightly wounded.
Malevolent energies surge around you.
The ball python hisses angrily.
The wall freezes the orc.
The wall freezes the gnoll bouda but does no damage.
The gnoll bouda hits you with a +0 club!
* * * LOW HITPOINT WARNING * * *
The wall freezes the gnoll.
The gnoll barely misses you.
The wall freezes the gnoll but does no damage.
Casting: Freeze (safe; 3% risk of failure)
Confirm with . or Enter, or press ? or * to list all spells.
Aiming: Freeze (safe; 3% risk of failure)
Press: ? - help, Shift-Dir - straight line, f/p - gnoll bouda
Aim: a gnoll bouda, wielding a +0 club and wearing a +0 leather armour (lightly wounded)
You freeze the gnoll bouda!
The gnoll bouda is heavily wounded.
Malevolent energies surge around you.
The wall freezes the orc.
You kill the orc!
The wall freezes the gnoll bouda but does no damage.
The gnoll bouda hits you with a +0 club!
You die... ## ## ## .# . .## .# .# ..##########.##.# ...[............ ##. ##......###.... .... #.####.###..# .PPPP

#.. #..##..######...P..
##.#
##......#.@g)gP..P. .#
#.........##g......
#.##..####...####......
.....# ##......(.PPP..
#
#.#######...##.....PPP.
#. ##..÷.#.##.........
# #.
##÷.####.##.......##
###. #..## #.##........
..#.##.## #.# #......#


You could see a gnoll bouda and 2 gnolls.

Vanquished Creatures
  A gnoll (D:3)
  3 worms
  A dart slug (D:2)
  An orc (D:3)
  2 ball pythons (D:1)
  4 bats
  3 endoplasms
  4 giant cockroaches (D:2)
  4 goblins
  6 hobgoblins
  2 jackals (D:1)
  4 quokkas
  2 frilled lizards (D:1)
  7 kobolds
  4 rats
48 creatures vanquished.

Vanquished Creatures (others)
  4 plants (D:3)
4 creatures vanquished.

Grand Total: 52 creatures vanquished

Notes
Turn   | Place    | Note
-------+----------+-------------------------------------------
     0 | D:1      | Eitelfritz the Demonspawn Ice Elementalist began the quest
                  | for the Orb.
     0 | D:1      | Reached XP level 1. HP: 13/13 MP: 3/3
   126 | D:1      | Gained mutation: You have large cloven feet. [demonic
                  | ancestry]
   126 | D:1      | Reached XP level 2. HP: 19/19 MP: 0/5
   317 | D:1      | Reached skill level 4 in Ice Magic
   941 | D:1      | Gained mutation: Spells you cast may paralyse adjacent
                  | enemies. [demonic ancestry]
   941 | D:1      | Reached XP level 3. HP: 22/24 MP: 4/6
  1343 | D:2      | You fall into a shaft and drop 1 floor!
  1421 | D:3      | Learned a level 3 spell: Frozen Ramparts
  2313 | D:3      | Identified the +2 ring mail of Catatonia {Slay+3}
  2364 | D:3      | Reached XP level 4. HP: 16/31 MP: 3/7
  2365 | D:3      | Slain by a gnoll bouda

Illustrated notes

Levels and vault maps discovered:
D:1:      dpeg_arrival_short_road, layout_basic
D:2:      layout_loops_ring
D:3:      layout_rooms, mainiacjoe_overflow_surrounded_room, vehumet_statue,
          hellmonk_ecumenical_altar_leap_of_faith, minmay_misc_feat_enclosed,
          nicolae_grassy_gnolls, uniq_grinder

Skill      XL: |  1  2  3 |
---------------+----------+-----
Ice Magic      | 4 |  4.3
Stealth        | 2 |  2.3
Dodging        | 2 |  2.0
Fighting       | |  0.4
Spellcasting   | |  2.6

Action                   |  1- 3 |  4- 6 || total
-------------------------+-------+-------++-------
Melee: Dagger            |     7 |       ||     7
       Short sword       |    28 |       ||    28
       Kick              |     4 |       ||     4
 Cast: Freeze            |    64 |     2 ||    66
       Frozen Ramparts   |     1 |       ||     1
 Stab: Sleeping          |     8 |       ||     8
       Paralysed         |     8 |       ||     8
Armor: Robe              |    14 |       ||    14
Dodge: Dodged            |    35 |     1 ||    36
